 Dungeon Crawl Stone Soup version 0.22.0-25-g7663229 (webtiles) character file.

51 NormalPerson7T the Covered (level 3, -1/34 HPs)
             Began as a Deep Dwarf Fighter on Aug 20, 2018.
             Slain by a gnoll
             ... wielding a +0 club
              (5 damage)
             ... on level 3 of the Dungeon.
             The game lasted 00:01:42 (342 turns).

NormalPerson7T the Covered (Deep Dwarf Fighter)      Turns: 342, Time: 00:01:43

Health: -1/34      AC:  7    Str: 20    XL:     3   Next: 58%
Magic:  3/3        EV:  7    Int:  8    God:
Gold:   27         SH:  9    Dex: 12    Spells: 2/2 levels left

rFire    . . .     SeeInvis .   a - +0 war axe
rCold    . . .     Gourm    .   c - +0 shield
rNeg     . . .     Faith    .   b - +0 scale mail
rPois    .         Spirit   .   (no helmet)
rElec    .         Reflect  .   (no cloak)
rCorr    .         Harm     .   (no gloves)
MR       .....                  (no boots)
Stlth    ..........             (no amulet)
HPRegen  0.00/turn              (no ring)
MPRegen  0.08/turn              (no ring)

@: non-regenerating
A: damage resistance, heal wounds, sense surroundings 1, no regeneration
a: Heal Wounds


You were on level 3 of the Dungeon.
You were not hungry.

You visited 1 branch of the dungeon, and saw 3 of its levels.

You collected 27 gold pieces.

Inventory:

Hand Weapons
 a - a +0 war axe (weapon)
Missiles
 g - a throwing net (quivered) {!f}
Armour
 b - a +0 scale mail (worn)
 c - a +0 shield (worn)
Scrolls
 i - a scroll of identify {unknown}
 l - a scroll of blinking {unknown}
Potions
 d - a potion of might
 e - a potion of brilliance {unknown}
 h - a potion of haste {unknown}
 k - a potion of mutation {unknown}
Comestibles
 f - 2 rations
 j - 4 chunks of flesh


   Skills:
 + Level 3.1 Fighting
 * Level 3.5 Axes
 + Level 3.8 Armour
 - Level 3.2 Shields


You had 2 spell levels left.
You didn't know any spells.
Your spell library was empty.

Dungeon Overview and Level Annotations

Branches:
Dungeon (3/15)

Altars:


Innate Abilities, Weirdness & Mutations

You are resistant to damage.
You can heal yourself by infusing magical energy.
You passively map a small area around you.
You do not regenerate.


Message History

You hit the gnoll but do no damage.
Your shield and scale mail prevent you from hitting the gnoll.
The gnoll hits you with a spear. The gnoll hits you but does no damage.
The gnoll closely misses you. You block the gnoll's attack.
The gnoll hits you with a club.
You slash the gnoll!
You kill the gnoll!
You completely miss the gnoll. You hit the gnoll but do no damage.
The gnoll hits you with a spear. You block the gnoll's attack.
You closely miss the frilled lizard.
Your shield prevents you from hitting the gnoll.
You completely miss the gnoll.
The frilled lizard bites you but does no damage.
You block the gnoll's attack. The gnoll hits you but does no damage.
You completely miss the frilled lizard. You hit the gnoll.
You barely miss the gnoll. You block the frilled lizard's attack.
The gnoll hits you with a spear!
* * * LOW HITPOINT WARNING * * *
The gnoll hits you with a club!
You die...

, , ,,, , ..... * , #.... , ,,,
#...# *** , #...# , , * #.... #
, .#####..#* #, # ........##.#
*######## #
##############.@g.#.?.......# #
#.............g.l........##.####
#.#####################...#...##
#.................# #.........'
#################.# #..#.#...##
#.# #....#...## #.# #...##...##
#.# #...##...## #.####...##.####


You could see 2 gnolls and a frilled lizard.

Vanquished Creatures
  2 gnolls (D:3)
  A leopard gecko (D:1)
  An orc (D:3)
  A ball python (D:1)
  A giant cockroach (D:3)
  5 hobgoblins
  6 jackals (D:3)
  5 kobolds
  A bat (D:3)
  A frilled lizard (D:2)
  2 goblins (D:1)
26 creatures vanquished.

Notes
Turn   | Place    | Note
-------+----------+-------------------------------------------
     0 | D:1      | NormalPerson7T the Deep Dwarf Fighter began the quest for the Orb.
     0 | D:1      | Reached XP level 1. HP: 20/20 MP: 1/1
    51 | D:1      | Reached XP level 2. HP: 25/27 MP: 2/2
   136 | D:3      | Reached XP level 3. HP: 18/34 MP: 3/3
   342 | D:3      | Slain by a gnoll

Skill      XL: |  1  2 |
---------------+-------+-----
Fighting       | 3 |  3.1
Axes           | 3 |  3.5
Armour         | |  3.8
Shields        | |  3.2

Action                   || total
-------------------------++-------
Melee: War axe           ||    59
 Abil: Heal Wounds       ||     1
Armor: Scale mail        ||    43
Dodge: Dodged            ||    38
Block: Shield            ||    53
